 Dungeon Crawl Stone Soup version 0.21.2 (webtiles) character file.

1473 wingeater17 the Cleaver (level 8, -1/64 HPs)
             Began as a Hill Orc Fighter on Nov 30, 2018.
             Slain by Pikel
             ... wielding a +1 whip of electrocution
              (20 damage)
             ... on level 6 of the Dungeon on Dec 1, 2018.
             The game lasted 00:06:36 (5143 turns).

wingeater17 the Cleaver (Hill Orc Fighter)          Turns: 5143, Time: 00:06:37

Health: -1/64      AC: 10    Str: 24    XL:     8   Next: 78%
Magic:  8/8        EV:  7    Int:  8    God:
Gold:   253        SH:  9    Dex: 10    Spells: 7/7 levels left

rFire    . . .     SeeInvis .   a - +0 war axe
rCold    . . .     Gourm    .   c - +0 shield
rNeg     . . .     Faith    .   b - +0 scale mail
rPois    .         Spirit   .   q - +1 helmet of the Foremost Runes {Str+3}
rElec    .         Reflect  .   (no cloak)
rCorr    .         Harm     .   (no gloves)
MR       .....                  (no boots)
Stlth    ..........             (no amulet)
HPRegen  0.20/turn              (no ring)
MPRegen  0.11/turn              (no ring)

@: no status effects
A: no striking features
a: no special abilities


You were on level 6 of the Dungeon.
You were not hungry.

You visited 1 branch of the dungeon, and saw 6 of its levels.

You collected 253 gold pieces.

Inventory:

Hand Weapons
 a - a +0 war axe (weapon)
Armour
 b - a +0 scale mail (worn)
 c - a +0 shield (worn)
 q - the +1 helmet of the Foremost Runes (worn) {Str+3}
   (You found it on level 4 of the Dungeon)

   It affects your strength (+3).
Jewellery
 t - a cursed amulet of magic regeneration {unknown}
 y - a +6 ring of intelligence {unknown}
Wands
 r - a wand of polymorph (10)
 u - a wand of iceblast (7)
Scrolls
 h - 3 scrolls of identify {unknown}
 i - 2 scrolls of enchant weapon {unknown}
 j - 4 scrolls of blinking {unknown}
 m - a scroll of amnesia {unknown}
 s - a scroll of magic mapping {unknown}
 v - a scroll of remove curse {unknown}
 A - a scroll of teleportation {unknown}
Potions
 d - 2 potions of might
 e - 2 potions of brilliance {unknown}
 g - 2 potions of heal wounds {unknown}
 k - 3 potions of curing
 l - a potion of lignification {unknown}
 n - a potion of degeneration {unknown}
 o - a potion of agility {unknown}
 p - a potion of magic {unknown}
 w - a potion of mutation {unknown}
 x - a potion of flight {unknown}
 z - a potion of invisibility {unknown}
Comestibles
 f - 5 rations


   Skills:
 - Level 3.6 Fighting
 * Level 11.4 Axes
 + Level 7.4 Armour
 - Level 3.2 Shields


You had 7 spell levels left.
You didn't know any spells.

Dungeon Overview and Level Annotations

Branches:
Dungeon (6/15)             Temple (0/1) D:4

Altars:
Cheibriados
Vehumet
Zin

Shops:
D:5 %

Annotations:
D:6 Pikel


Message History

Pikel is moderately wounded.
Pikel hits you with a whip of electrocution.
You closely miss Pikel.
Pikel is moderately wounded.
You block Pikel's attack. Pikel hits you but does no damage.
Unknown command.
You slash Pikel!
Pikel is heavily wounded.
Pikel hits you with a whip of electrocution.
Unknown command.
You hit Pikel.
Pikel is severely wounded.
You block Pikel's attack.
Pikel cracks his whip.
Pikel hits you with a whip of electrocution.
* * * LOW HITPOINT WARNING * * *
You closely miss Pikel.
Pikel is severely wounded.
Pikel hits you but does no damage.
You are electrocuted!
You die...

#.###...## ##...## ##..
#.##.....###.....###...
#.#...$...#.......#....
#.#.......#.......#....
#.#.......#.......#....
#.##.pp..###.....###...
#..##cpp# ##...## ##..
##..##K#######'#######'
##...@................
#....................
#....................
####'#######'#######'
##.†.## ##...## ##..
##.....###.....###..†
#.......#.......#....
#.......#.......#....
#...[...#.......#....


You could see Pikel, 4 slaves and a centaur.

Vanquished Creatures
  Duvessa (D:4)
  A phantom (D:3)
  A necrophage (D:5)
  2 centaurs (D:5)
  A black bear (D:6)
  Blork the orc (D:4)
  A bullfrog (D:6)
  Dowan (D:4)
  2 scorpions
  A crimson imp (D:6)
  A centaur zombie (D:6)
  A bullfrog zombie (D:5)
  A hound (D:3)
  A quasit (D:3)
  A bullfrog skeleton (D:6)
  An orc priest (D:6)
  Jessica (D:2)
  Ijyb (D:5)
  Terence (D:2)
  An iguana (D:3)
  4 orc wizards
  2 worker ants
  A hound zombie (D:5)
  A hound skeleton (D:4)
  2 howler monkey zombies (D:5)
  2 adders
  2 shadow imps
  An ooze (D:3)
  2 worms
  2 dart slugs
  3 leopard geckos
  10 orcs
  4 giant cockroaches
  12 goblins
  7 hobgoblins
  2 jackals (D:4)
  5 kobolds
  8 quokkas
  A ball python (D:5)
  7 bats
  2 frilled lizards (D:3)
  6 rats
108 creatures vanquished.

Notes
Turn   | Place    | Note
-------+----------+-------------------------------------------
     0 | D:1      | wingeater17 the Hill Orc Fighter began the quest for the Orb.
     0 | D:1      | Reached XP level 1. HP: 19/19 MP: 1/1
    59 | D:1      | Reached skill level 3 in Axes
   121 | D:1      | Reached XP level 2. HP: 26/26 MP: 2/2
   689 | D:2      | Noticed Jessica
   690 | D:2      | Reached skill level 4 in Axes
   691 | D:2      | Killed Jessica
   691 | D:2      | Reached XP level 3. HP: 31/31 MP: 3/3
   824 | D:2      | Reached XP level 4. HP: 39/39 MP: 4/4
   954 | D:2      | Reached skill level 5 in Axes
  1224 | D:2      | Noticed Terence
  1233 | D:2      | Killed Terence
  1530 | D:2      | Reached skill level 6 in Axes
  1530 | D:2      | Reached XP level 5. HP: 40/45 MP: 5/5
  1774 | D:3      | Reached XP level 6. HP: 44/51 MP: 6/6
  1855 | D:3      | Noticed a phantom
  1874 | D:3      | Killed a phantom
  1874 | D:3      | Reached skill level 7 in Axes
  1874 | D:3      | Reached skill level 5 in Armour
  3169 | D:4      | Noticed Blork the orc
  3229 | D:4      | Killed Blork the orc
  3229 | D:4      | Reached skill level 8 in Axes
  3229 | D:4      | Reached XP level 7. HP: 33/57 MP: 7/7
  3389 | D:4      | Noticed Dowan
  3391 | D:4      | Noticed Duvessa
  3408 | D:4      | Killed Duvessa
  3419 | D:4      | Killed Dowan
  3419 | D:4      | Reached skill level 9 in Axes
  3741 | D:4      | Found a staircase to the Ecumenical Temple.
  3748 | D:4      | Got a faintly glowing helmet
  3758 | D:4      | Identified the +1 helmet of the Foremost Runes {Str+3} (You found it on level 4 of the Dungeon)
  3851 | D:4      | Found a snail-covered altar of Cheibriados.
  3851 | D:4      | Found a radiant altar of Vehumet.
  3865 | D:5      | Entered Level 5 of the Dungeon
  3876 | D:5      | Found Ybaluil's Food Shoppe.
  4069 | D:5      | Reached XP level 8. HP: 52/64 MP: 8/8
  4082 | D:5      | Noticed Ijyb
  4090 | D:5      | Killed Ijyb
  4182 | D:5      | Reached skill level 10 in Axes
  4225 | D:5      | HP: 3/64 [centaur (7)]
  4819 | D:5      | Found a glowing silver altar of Zin.
  5007 | D:6      | Reached skill level 11 in Axes
  5130 | D:6      | Noticed Pikel
  5143 | D:6      | Slain by Pikel

Skill      XL: |  1  2  3  4  5  6  7  8 |
---------------+-------------------------+-----
Axes           | 3 4 6 8 9 11 | 11.4
Armour         | 4 5 6 7 |  7.4
Fighting       | |  3.6
Shields        | |  3.2

Action                   |  1- 3 |  4- 6 |  7- 9 || total
-------------------------+-------+-------+-------++-------
Melee: War axe           |    71 |   191 |   179 ||   441
  Eat: Chunk             |       |     5 |     3 ||     8
       Ration            |       |     1 |     1 ||     2
Armor: Scale mail        |    35 |    97 |    81 ||   213
Dodge: Dodged            |    20 |    66 |    52 ||   138
Block: Shield            |    43 |   104 |    84 ||   231
